[Event "Czech Championship 2022"]
[Site "Usti nad Labem"]
[Date "2022.05.22"]
[Round "9.3"]
[White "Zwardon, Vojtech"]
[Black "Krejci, Jan"]
[Result "0-1"]
[ECO "A19"]
[WhiteElo "2482"]
[BlackElo "2520"]
[Annotator "TA"]
[PlyCount "86"]
[EventDate "2022.05.12"]
[EventType "swiss"]
[EventCountry "CZE"]
[SourceTitle "playchess.com"]
[Source "ChessBase"]
[SourceQuality "1"]
[TimeControl "40/5400+30:1800+30"]

1. c4 Nf6 2. Nc3 e6 3. e4 c5 4. e5 Ng8 5. f4 d6 6. Nf3 {[%emt 0:00:18] A19: English Opening: Flohr-Mikenas System with 3...c5.} dxe5 {[%emt 0:00:45] [#]} 7. Nxe5 $146 ({Predecessor:} 7. fxe5 Nc6 8. d3 Nge7 9. Bf4 Nf5 10. g4 Nfd4 11. Bg2 Be7 12. O-O O-O 13. Kh1 {0-1 (60) Zwardon,V (2397)-Vorobiov,E (2582) Pardubice 2015}) 7... Ne7 8. g3 {[%emt 0:03:43] The position is equal.} Nbc6 9. Qa4 Bd7 10. Nxd7 Qxd7 11. Bg2 Nf5 12. b3 (12. Bxc6 $15 bxc6 13. b3) 12... Rd8 ({Better is} 12... Nfd4 $17 {White must now prevent ...Nc2+.} 13. O-O Be7) 13. O-O Be7 14. Ba3 (14. Bxc6 $11 bxc6 15. Ba3) 14... O-O $17 (14... Qxd2 15. Bxc6+ bxc6 16. Qxc6+ Qd7 17. Qxd7+ Kxd7 18. Ne4 $11) 15. Rad1 Nfd4 16. Ne4 b6 17. Bb2 f5 18. Nf2 Qc7 {[%emt 0:00:34] Black is more active.} 19. Rfe1 Rd6 20. a3 a5 {[%emt 0:03:39] Prevents b4.} 21. Nd3 Bf6 {[%emt 0:02:04] Threatens to win with ...Nc2.} 22. Rc1 {[%emt 0:06:25] Prevents Nc2.} Rfd8 23. b4 cxb4 (23... Nb3 {looks sharper.} 24. Bxf6 gxf6 25. Rc3 Nxd2 26. bxc5 bxc5 27. Qc2 Ne4) 24. axb4 {[%emt 0:01:47] [#]} Nxb4 (24... Nb3 $1 $17 25. Bxf6 (25. Qxb3 $2 Rxd3 26. Bc3 axb4 $19) 25... gxf6) 25. Nxb4 $15 axb4 26. Qxb4 Nc6 27. Bxc6 {[%emt 0:01:20] Hoping for Bxf6.} Qxc6 28. Rc2 Bxb2 29. Rxb2 h5 30. Re3 (30. d4 $11) 30... Ra8 (30... h4 $17 31. Qb5 (31. gxh4 e5 $17) 31... Qxb5 32. cxb5 (32. Rxb5 Rxd2 33. Rbe5 h3 $17) 32... Kf7) 31. Ra3 (31. Qb5 $1 $11 {keeps the balance.}) 31... Rxa3 $17 32. Qxa3 {[%emt 0:00:01][%mdl 4096] Endgame KQR-KQR} h4 33. gxh4 $2 {[%emt 0:01:54][%mdl 8192] Now White is beyond hope.} (33. d3 $15) 33... e5 $19 34. h5 {[%emt 0:01:00] Inhibits Rg6+.} exf4 35. Kf2 $2 (35. Rc2 Rd8 36. Qa1) 35... Re6 36. Qf3 Qxc4 {[%emt 0:01:23] ...Qd4+ is the strong threat.} 37. Kg2 Kh7 $2 (37... Qd4 38. Rc2 b5) 38. d3 Qd4 39. Ra2 {[%emt 0:01:35] [#]} (39. Rf2 $19 Rf6 40. Qxf4 Qxd3 41. Rd2) 39... Re3 {[%emt 0:00:39] Black mates.} ({Not} 39... Re1 40. Rf2 $17) 40. Qc6 f3+ 41. Kf1 Qxd3+ 42. Kf2 Re2+ 43. Kg3 f4+ {[%emt 0:00:09] Weighted Error Value: White=0.63/Black=0.23 (precise)} 0-1

[Event "Czech Championship 2022"]
[Site "Usti nad Labem"]
[Date "2022.05.22"]
[Round "9.4"]
[White "Hracek, Zbynek"]
[Black "Rubes, Jan"]
[Result "1/2-1/2"]
[ECO "B32"]
[WhiteElo "2570"]
[BlackElo "2386"]
[Annotator "TA"]
[PlyCount "33"]
[EventDate "2022.05.12"]
[EventType "swiss"]
[EventCountry "CZE"]
[SourceTitle "playchess.com"]
[Source "ChessBase"]
[SourceQuality "1"]
[TimeControl "40/5400+30:1800+30"]

1. e4 c5 2. Nf3 Nc6 3. d4 cxd4 4. Nxd4 e5 5. Nb5 d6 6. c4 Be6 $1 {[%emt 0:01:42][%mdl 4] is recently more successful than 6...Be7.} 7. N1c3 a6 8. Na3 g6 {[%emt 0:00:04] B32: Sicilian: Löwenthal and Kalashnikov Variations.} 9. Nc2 Bg7 10. Be3 Nf6 {[%emt 0:00:06] White has an edge.} 11. Be2 {[%emt 0:00:21] Prevents Ng4.} (11. Qd2 {with more complications.} O-O 12. Rd1 Rc8 13. Qxd6 Nd4 14. Qxd8 Nxc2+ 15. Kd2) 11... O-O 12. Qd2 Rc8 {[%emt 0:00:23] [#]} 13. Rc1 $146 ({Predecessor:} 13. f3 Nh5 14. O-O Nf4 15. Nd5 Nxe2+ 16. Qxe2 b5 17. Bb6 Qd7 18. cxb5 Bxd5 19. exd5 {0-1 (56) Sliwicka,A (2311)-Pacan Milej,K (2423) Lublin 2020}) 13... Ne7 {[%emt 0:01:49] The position is equal.} 14. Na3 Nc6 15. Nc2 Ne7 16. Na3 Nc6 17. Nc2 {[%emt 0:12:53] Weighted Error Value: White=0.08 (flawless) /Black=0.09 (flawless)} 1/2-1/2

[Event "Czech Championship 2022"]
[Site "Usti nad Labem"]
[Date "2022.05.22"]
[Round "9.5"]
[White "Plat, Vojtech"]
[Black "Finek, Vaclav"]
[Result "1-0"]
[ECO "B21"]
[WhiteElo "2547"]
[BlackElo "2410"]
[Annotator "TA"]
[PlyCount "61"]
[EventDate "2022.05.12"]
[EventType "swiss"]
[EventCountry "CZE"]
[SourceTitle "playchess.com"]
[Source "ChessBase"]
[SourceQuality "1"]
[TimeControl "40/5400+30:1800+30"]

1. e4 c5 2. d4 cxd4 3. c3 dxc3 4. Nxc3 Nc6 5. Nf3 e6 6. Bc4 a6 7. O-O Qc7 {[%emt 0:00:18] B21: Sicilian: 2 f4 and Morra Gambit.} 8. Bb3 Nf6 {[%emt 0:01:04] Inhibits Nd5.} 9. Nd5 exd5 {[%emt 0:17:16] The position is equal.} 10. exd5 {[%emt 0:00:17] [#]} Nd8 $146 (10... Be7 $1 $11 11. Re1 (11. dxc6 bxc6) 11... O-O 12. dxc6 dxc6) ({Predecessor:} 10... Be7 11. dxc6 dxc6 12. Qd4 O-O 13. Bf4 Qa5 14. Rfe1 Bc5 15. Qd2 Bb4 16. Qc2 Bf5 17. Qc1 Bxe1 18. Qxe1 Qxe1+ 19. Rxe1 Rfe8 20. Kf1 Bd3+ {0-1 (20) Molano Lafuente,I (1941)-Alarcon Casellas,R (2387) Barcelona 2015}) 11. Re1+ Ne6 $1 12. Bg5 $36 {[%emt 0:04:11][%mdl 2048] Threatens to win with Rc1. White fights for an advantage.} Be7 $1 13. Rc1 $1 Qa5 14. dxe6 fxe6 (14... dxe6 $11 15. Bd2 Qd8) 15. Re5 (15. Rc4 $16) 15... Qd8 $1 $14 16. Nd4 O-O 17. Nf5 Kh8 (17... a5 $14) 18. Nxe7 $16 {[%emt 0:00:47] White is much more active.} Qxe7 19. Rc7 Qe8 {[%emt 0:10:01] [#]} (19... Qd8 $16 {keeps fighting.} 20. Qd6 h6) 20. Bc2 $1 $18 Nd5 $2 {[%emt 0:03:39] [#]} (20... Qf7) 21. Qd3 $1 {[%emt 0:07:24][%csl Gc2][%cal Rd3h7] White is clearly winning.} g6 22. Rxd5 exd5 23. Qd4+ Kg8 24. Bd2 {[%emt 0:00:04] Against Qe1+. Bc3 is the strong threat. This bishop pair is nice.} ({Less strong is} 24. Qxd5+ Rf7 25. Bd2 Qe6 $16) 24... Qe2 25. Bb3 Rf5 26. Rc1 Qe5 27. Qd3 {[%emt 0:02:40] aiming for Re1.} d6 28. Re1 {[%emt 0:00:39] Hoping for g4.} Qf6 29. Bc3 (29. Bxd5+ $142 Kg7 30. Re8) 29... Re5 30. Qxd5+ Rxd5 31. Bxd5+ {[%emt 0:00:08] Weighted Error Value: White=0.13 (very precise) /Black=0.49} ({Not} 31. Bxf6 Kf7 32. Bxd5+ Kxf6 $18) 1-0

[Event "Czech Championship 2022"]
[Site "Usti nad Labem"]
[Date "2022.05.22"]
[Round "9.6"]
[White "Cernousek, Lukas"]
[Black "Brejnik, Gustav"]
[Result "1/2-1/2"]
[ECO "B10"]
[WhiteElo "2440"]
[BlackElo "2246"]
[Annotator "TA"]
[PlyCount "133"]
[EventDate "2022.05.12"]
[EventType "swiss"]
[EventCountry "CZE"]
[SourceTitle "playchess.com"]
[Source "ChessBase"]
[SourceQuality "1"]
[TimeControl "40/5400+30:1800+30"]

1. e4 c6 2. Nf3 d5 3. d3 dxe4 4. dxe4 Qxd1+ 5. Kxd1 Nf6 6. Nbd2 {[%emt 0:00:09] B10: Caro-Kann: 2 d3 and 2 c4.} g6 $1 {[%emt 0:00:53] The main line 6...g6 scores better than 6...Bg4.} 7. Ne5 Nbd7 8. Nd3 Ng4 9. Nc4 {[%emt 0:05:46] Against Nde5} Bg7 {[%emt 0:03:05][%cal Od7c5] [#]} 10. f4 $146 ({White should try} 10. c3 $14) ({Predecessor:} 10. Bf4 Nb6 11. Nxb6 axb6 12. f3 Nf6 13. c3 Be6 14. Kc2 O-O 15. Be2 Nd7 16. Be3 {½-½ (70) Rozum,I (2546)-Kukhmazov,A (2442) Moscow 2021}) 10... b6 11. Be2 h5 12. h3 Ngf6 13. e5 Nd5 14. Bd2 Ba6 15. Nb4 ({White should play} 15. b3 $1 $11) 15... Nxb4 $15 16. Bxb4 Rd8 $36 {[%emt 0:20:00][%mdl 2048] White is under pressure.} 17. Nd2 Bxe2+ 18. Kxe2 Nf8 19. Bc3 Ne6 20. Raf1 Bh6 21. Ke3 g5 22. f5 g4+ 23. Kf2 (23. Ke2 $17 Nf4+ 24. Kf2) 23... Bxd2 $19 24. fxe6 Bxc3 ({And not} 24... fxe6 25. hxg4 Rf8+ 26. Ke2 (26. Kg3 Rxf1 27. Rxf1 Bxc3 $17) 26... Rxf1 27. Rxf1 Bxc3 28. bxc3 $17) 25. exf7+ Kxf7 26. bxc3 gxh3 27. Rxh3 {[%emt 0:00:28][%mdl 4096] Endgame KRR-KRR} Ke6 28. Ke2 Rdg8 ({Not} 28... Kxe5 29. Rfh1 $17) 29. g3 Rg5 ({Worse is} 29... Kxe5 30. Rf3 $17) 30. Kd2 Rxe5 31. Rfh1 Rg8 32. Rxh5 Rxh5 33. Rxh5 Rxg3 {[%emt 0:00:09] KR-KR} 34. a4 a5 35. Rh8 $2 (35. Rh4) 35... Rg4 36. Rb8 Rxa4 {[%emt 0:00:06] Threatens to win with ...b5.} 37. Rxb6 Kd5 38. Rb7 e5 39. Rd7+ Ke4 (39... Ke6 $19 40. Rd8 Ra1) 40. Rc7 (40. Rh7 $17 Kd5 41. Rd7+ Kc5 42. Rd8) 40... Rc4 $1 41. Ra7 Ra4 (41... a4 $1 $19 {Strongly threatening ...Kf3.} 42. Rh7 Kd5 43. Rd7+ Ke6) 42. Rc7 $1 $11 Kd5 $2 (42... Ra1 $11) 43. Rd7+ $1 $19 Ke6 44. Ra7 Kd6 (44... Ra1 $1 $19 {and Black stays clearly on top. ...a4 is the strong threat.} 45. Ra8 Kd7) 45. Ra8 {[%emt 0:00:17] [#]} (45. Kc1 $17 {was the only defense.}) 45... Ra1 $1 {[%emt 0:02:31] aiming for ...a4.} 46. Rd8+ {[%emt 0:02:20] [#]} (46. c4 $142) 46... Ke7 $1 47. Ra8 a4 48. Ra6 a3 $2 (48... Kd6 $19 49. c4 a3) 49. Rxc6 $11 a2 50. Ra6 e4 51. Ke2 e3 52. Ra7+ {[%emt 0:01:12] The position is equal.} Kd6 53. Ra6+ Kc7 54. Ra7+ Kb6 55. Ra8 Kb7 56. Ra3 Kb6 57. Ra8 Kc5 58. Rc8+ Kb5 59. Rb8+ $1 Kc4 (59... Kc6 $5 60. Ra8 Kb6 $11) 60. Rc8+ Kd5 {[%emt 0:01:40] White must now prevent ...Rg1.} 61. Rd8+ Kc6 {[%emt 0:00:33] ( -> ...Rg1)} 62. Ra8 Kb7 63. Ra3 Kb8 64. Ra4 Kc7 65. Ra7+ Kb6 66. Ra8 Kb5 67. Rb8+ {[%emt 0:00:42] Whites escaped into a draw.  Weighted Error Value: White=0.24 (precise) /Black=0.30} 1/2-1/2

[Event "Czech Championship 2022"]
[Site "Usti nad Labem"]
[Date "2022.05.22"]
[Round "9.7"]
[White "Sorm, Daniel"]
[Black "Rasik, Vitezslav"]
[Result "0-1"]
[ECO "B06"]
[WhiteElo "2306"]
[BlackElo "2433"]
[Annotator "TA"]
[PlyCount "102"]
[EventDate "2022.05.12"]
[EventType "swiss"]
[EventCountry "CZE"]
[SourceTitle "playchess.com"]
[Source "ChessBase"]
[SourceQuality "1"]
[TimeControl "40/5400+30:1800+30"]

1. e4 d6 2. d4 g6 3. Nc3 Bg7 4. Be3 a6 5. Qd2 b5 6. f3 Nd7 7. h4 h5 {[%emt 0:00:22] 7...h6 might become the main line.} 8. Nh3 c5 {[%emt 0:07:05] B06: Modern Defence.} 9. dxc5 Nxc5 {[%emt 0:02:46] [#]} 10. Bxc5 $146 ({Predecessor:} 10. O-O-O Bxh3 11. Rxh3 Rc8 12. Bd4 Nf6 13. Nd5 Ncd7 14. Kb1 O-O 15. Be2 Nxd5 16. Bxg7 Kxg7 17. exd5 {0-1 (37) De Boer,E (2316)-Gurevich,M (2579) Maastricht 2019}) 10... dxc5 {[%emt 0:03:04] White has an edge.} 11. Qxd8+ Kxd8 12. Rd1+ ({Better is} 12. Ng5 $14 Bxc3+ 13. bxc3) 12... Bd7 $15 13. Ng5 Nh6 14. g3 e6 15. Rh2 Ke7 16. Nb1 Bc6 17. Bh3 Rhd8 18. c3 Rxd1+ (18... a5 {keeps more tension.} 19. Rc2 Rxd1+ 20. Kxd1 Rd8+) 19. Kxd1 Be5 20. f4 Bc7 21. Ke1 $2 {[%emt 0:05:43] [#]} (21. e5 $17 {is the only way for White.}) 21... e5 $1 $19 22. f5 gxf5 23. exf5 e4 24. Nxe4 Bxe4 {[%emt 0:01:42] This bishop pair is nice.} 25. Re2 Bxg3+ 26. Kf1 {[%emt 0:00:21] [#]} Kf6 $1 27. Rxe4 Nxf5 28. Nd2 Nd6 (28... Nxh4 29. Re2 Kg6 30. Ne4 $17) (28... Rd8 $19 29. Nf3 Rd1+ 30. Kg2 Bd6) 29. b4 Rg8 30. Re2 cxb4 (30... Bxh4 31. bxc5 Ne8 32. Ne4+ Kg7 33. Bc8 $11) 31. cxb4 Bxh4 32. Nb3 (32. Ne4+ $17 Nxe4 33. Rxe4) 32... Rg3 33. Bd7 Rf3+ 34. Kg2 Rf4 35. a3 Rc4 36. Nd2 (36. Nc5 $142) 36... Rc7 37. Be8 (37. Bh3 {keeps fighting.}) 37... Bg5 {[%emt 0:01:54] Threatens to win with ...Bxd2.} 38. Ne4+ Nxe4 39. Rxe4 {[%emt 0:00:06][%mdl 4096] Endgame KRB-KRB} Rc2+ 40. Kf1 Ra2 41. Re2 Rxe2 42. Kxe2 {[%emt 0:00:00] KB-KB} Bc1 43. Bc6 Ke7 (43... Bxa3 44. Bb7 $17) 44. Bb7 Kd6 ({Not} 44... Bxa3 45. Bxa6 Bxb4 46. Bxb5 $11) 45. Bxa6 Kc6 ({Inferior is} 45... Bxa3 46. Bxb5 Bxb4 47. Ke3 $11) 46. a4 $2 (46. Kd3) 46... bxa4 47. Bc4 f6 48. Kd3 h4 49. Kc2 {[%emt 0:00:29] [#]} h3 $1 50. Bf1 h2 51. Bg2+ Kb5 {[%emt 0:00:06] Weighted Error Value: White=0.71/Black=0.19 (very precise)} 0-1

[Event "Czech Championship 2022"]
[Site "Usti nad Labem"]
[Date "2022.05.22"]
[Round "9.8"]
[White "Gnojek, Petr"]
[Black "Nemec, Jachym"]
[Result "1/2-1/2"]
[ECO "E36"]
[WhiteElo "2302"]
[BlackElo "2367"]
[Annotator "TA"]
[PlyCount "82"]
[EventDate "2022.05.12"]
[EventType "swiss"]
[EventCountry "CZE"]
[SourceTitle "playchess.com"]
[Source "ChessBase"]
[SourceQuality "1"]
[TimeControl "40/5400+30:1800+30"]

1. d4 Nf6 2. c4 e6 3. Nc3 Bb4 4. Qc2 O-O 5. a3 Bxc3+ 6. Qxc3 d5 7. Nf3 dxc4 8. Qxc4 b6 9. Bg5 {[%emt 0:00:11] E36: Nimzo-Indian: Classical: 4...d5 5 a3.} Ba6 10. Qc2 c5 11. dxc5 Nbd7 (11... bxc5 $11 12. Qxc5 Nbd7) 12. Rd1 {[%emt 0:00:56] [#] Bxf6 is the strong threat.} Qc7 13. c6 {[%emt 0:08:36] Strongly threatening Rc1.} Rac8 14. Nd4 (14. Rxd7 $2 Nxd7 15. Nd4 Nb8 $19) 14... Nb8 15. Bxf6 gxf6 16. Rc1 (16. e3 $5 ) 16... Rfd8 (16... e5 $2 17. Nf5 Kh8 18. Qa4 $18) 17. e3 Bxf1 18. Kxf1 {[%emt 0:11:11][%cal Be1f1,Bf1e2,Be2d2][%mdl 32] [#]} Rd5 $146 {[%emt 0:08:12] [#]} (18... e5 $2 19. Nf5 Kh8 20. Qe4 $18) (18... Nxc6 $1 $11 {keeps the balance.} 19. g3 (19. Qxc6 Qxc6 20. Nxc6 Rxc6 $14) 19... Rxd4 20. exd4 Qd7) ({Predecessor:} 18... Nxc6 19. g3 Qb7 20. Nxc6 Kh8 21. b4 a6 22. a4 b5 23. axb5 axb5 24. Ke2 Rd6 {1-0 (51) Hoyer,J (2193)-Koch Mueller,O (1985) Svendborg 2022}) 19. b4 $1 $16 {[%emt 0:03:41] aiming for g3.} Rcd8 (19... Qd6 $16) 20. Ke2 e5 21. Nf5 Rd2+ 22. Qxd2 Rxd2+ 23. Kxd2 Nxc6 24. Ke2 Qd7 25. g4 (25. Ng3 $18 {And now Rhd1 would win.} Qg4+ 26. f3) 25... Ne7 $1 $11 26. Nxe7+ Qxe7 {[%emt 0:00:01][%mdl 4096] Endgame KQ-KRR} 27. h3 Qe6 28. Rc3 Qa2+ 29. Kf3 e4+ $1 30. Kg2 {[%emt 0:03:13] Threatens to win with Rd1.} Qe2 {[%emt 0:00:26] Against Rd1} 31. Rf1 Kg7 32. Rc7 a6 ({Don't play} 32... h5 33. gxh5 Qxh5 34. Rg1 $14) 33. Rd7 {[%emt 0:02:32] Active counter play!} f5 (33... Qf3+ $11 34. Kh2 Qe2) 34. gxf5 $16 Qf3+ 35. Kh2 Qxf5 36. Rd4 (36. Rg1+ $16 Kf8 37. Rd2) 36... Qe5+ $11 {[%emt 0:00:42] The position is equal.} 37. Kg2 Qg5+ ({But not} 37... Qf5 38. Rd2 $14) 38. Kh1 {[%emt 0:00:03] Hoping for Rg1.} Qf5 39. Kg2 Qg5+ 40. Kh1 {[%emt 0:00:27] Black must now prevent Rg1.} Qf5 41. Kh2 Qe5+ {[%emt 0:01:37] Blacks defense is rewarded with a draw.  Weighted Error Value: White=0.21 (precise) /Black=0.18 (very precise)} 1/2-1/2

[Event "Czech Championship 2022"]
[Site "Usti nad Labem"]
[Date "2022.05.22"]
[Round "9.9"]
[White "Stalmach, Richard"]
[Black "Sykora, Marek"]
[Result "1-0"]
[ECO "D46"]
[WhiteElo "2350"]
[BlackElo "2249"]
[Annotator "TA"]
[PlyCount "75"]
[EventDate "2022.05.12"]
[EventType "swiss"]
[EventCountry "CZE"]
[SourceTitle "playchess.com"]
[Source "ChessBase"]
[SourceQuality "1"]
[TimeControl "40/5400+30:1800+30"]

1. d4 d5 2. c4 c6 3. Nc3 Nf6 4. Nf3 e6 5. e3 Nbd7 6. Qc2 Bd6 7. Bd3 dxc4 8. Bxc4 O-O 9. O-O e5 10. h3 exd4 11. Nxd4 {[%emt 0:04:37] D46: Semi-Slav: 5 e3 Nbd7 6 Bd3, Black avoids the Meran.} (11. exd4 {is interesting.} Nb6 12. Bb3 Re8 13. Bg5) 11... Ne5 12. Be2 a6 {[%emt 0:06:50] [#]} 13. f4 $146 {[%emt 0:10:24] The position is equal.} ({Predecessor:} 13. Rd1 Qe7 14. b3 Be6 15. f4 Ned7 16. e4 Bb4 17. e5 Bxc3 18. Qxc3 Nd5 19. Qc2 N7b6 20. Bd3 Qh4 21. Nf3 Qh5 22. Ng5 h6 23. Be2 Qh4 24. Qh7# {1-0 (24) Drygalov,S (2372)-Anchutin,N (2144) Khanty-Mansiysk 2016}) 13... Ng6 14. a4 {[%emt 0:04:43] [#]} (14. Nf3 $11 {keeps the balance.}) 14... Nxf4 $1 $17 15. exf4 {[%emt 0:00:07] Hoping for Kh1.} Bc5 16. Rd1 Bxd4+ 17. Kh1 Qb6 (17... Re8 $1 $19 {[%cal Of6g4] ...Ng4! is the strong threat.} 18. f5 Qd6) 18. Ra3 Bxc3 (18... Re8 $142 19. Bf3 Qc5) 19. Rxc3 Re8 {[%emt 0:02:24] Inhibits Be3.} 20. Bf3 {[%emt 0:14:58] Inhibits Nd5.} Qa5 {[%emt 0:10:04] Against f5} (20... Be6 $17 {aiming for ...Bd5.} 21. Be3 Qa5) 21. Rc5 $1 $11 Qb4 (21... Re1+ $2 22. Kh2 Qb6 23. Rxe1 $18) 22. Bd2 Qd4 23. Bc1 {[%emt 0:08:44] A strong pair of Bishops.} Qb4 24. Bd2 $36 {[%emt 0:01:50][%mdl 2048] White has the initiative.} Qd4 25. Rg5 h6 26. Rg3 Be6 $2 ({Don't play} 26... Qf2 27. Kh2 $16) (26... Kh8 $11) 27. Kh2 $2 (27. f5 $18 Qc4 28. Qxc4 Bxc4 29. Bxh6) 27... Qc4 $2 {[%emt 0:05:18] [#]} (27... Bd5 $11) 28. Bc3 $1 $18 {[%emt 0:04:27] Threatens to win with Qc1.} Qxf4 {[%emt 0:02:24] [#]} 29. Rd4 Qf5 (29... Qc7 $16) 30. Qc1 Nh5 31. Bxh5 {[%emt 0:01:34] Qxh6 would kill now.} Qxh5 {[%emt 0:00:06] [#]} 32. Rxg7+ $3 {[%emt 0:00:46][%mdl 576] Decoy} Kxg7 33. Rh4+ (33. Rd5+ $142 Kg6 34. Rxh5 Kxh5 35. Qf4) 33... Kg6 34. Rxh5 {[%emt 0:00:49] White mates.} Kxh5 35. Bg7 Kg6 36. Qxh6+ Kf5 37. Qf6+ Ke4 38. Qd4+ {[%emt 0:00:08] White used his chance.  Weighted Error Value: White=0.25 (precise) /Black=0.98} 1-0

[Event "Czech Championship 2022"]
[Site "Usti nad Labem"]
[Date "2022.05.22"]
[Round "9.10"]
[White "Mica, Marek"]
[Black "Freisler, Pavel"]
[Result "0-1"]
[ECO "A05"]
[WhiteElo "2343"]
[BlackElo "2239"]
[Annotator "TA"]
[PlyCount "78"]
[EventDate "2022.05.12"]
[EventType "swiss"]
[EventCountry "CZE"]
[SourceTitle "playchess.com"]
[Source "ChessBase"]
[SourceQuality "1"]
[TimeControl "40/5400+30:1800+30"]

1. b3 d5 2. Bb2 Nf6 3. Nf3 g6 4. g3 Bg7 5. Bg2 c5 6. O-O Nc6 7. e3 {[%emt 0:05:26] 7.Ne5 is setting a new trend. A05: Réti Opening: 1 Nf3 Nf6.} O-O 8. Ne5 Qd6 9. Nxc6 {[%emt 0:01:35] The position is equal.} Qxc6 10. c4 {[%emt 0:01:22] [#]} Be6 $146 ({Predecessor:} 10... Bg4 11. Qc1 Qd7 12. cxd5 Bh3 13. Bxh3 Qxh3 14. f3 h5 15. Rf2 Nxd5 16. Bxg7 Kxg7 17. Qxc5 {0-1 (30) Thybo,J (2544)-Nguyen,H (1999) Chess.com INT 2022}) 11. d3 Rad8 12. Qc2 Qc8 13. Rd1 Bh3 14. Bh1 b6 15. Nd2 Qf5 16. Nf3 (16. cxd5 $11 Nxd5 17. Be4) 16... Bg4 $17 17. Qe2 Qh5 $36 {[%emt 0:19:38][%cal Oe7e5][%mdl 2048] Black fights for an advantage.} 18. cxd5 Nxd5 ({Reject} 18... Rxd5 $6 19. e4 Rd7 20. d4 $15) (18... Qxd5 $6 19. d4 $11) 19. Bxg7 Kxg7 20. Rac1 Rd6 {[%emt 0:05:30] Threatens to win with ...Rf6. Black is more active.} 21. e4 {[%emt 0:04:20] [#]} Nb4 {[%emt 0:03:08] Strongly threatening ...Rf6.} 22. d4 Nc6 ({Black should try} 22... cxd4 {...d3 is the strong threat.} 23. e5 Rdd8) 23. dxc5 $2 {[%emt 0:02:59] This move loses the game for White.} (23. h3 $17 {is the only way for White.} Qxh3 24. dxc5 bxc5 25. Rd5) 23... Rxd1+ 24. Rxd1 {[%emt 0:06:49] [#]} Ne5 $1 25. Qb2 {[%emt 0:00:13][%cal Od1d5] Hoping for Rd5!} f6 26. Nxe5 Bxd1 27. Nd7 (27. Nd3 {was necessary.}) 27... Rd8 $19 28. c6 Bg4 29. Qa3 Kf7 30. Qxa7 (30. Bg2 $19 Bxd7 31. cxd7 Rxd7 32. Bf1) 30... Bh3 {[%emt 0:00:50][%cal Rh5d1] Black mates.} 31. f3 {[%emt 0:02:53] [#]} Rxd7 $1 32. Qxb6 Rd1+ 33. Kf2 Rxh1 34. Ke3 Rf1 35. g4 Qg5+ 36. Kd4 Qe5+ 37. Kc4 Rc1+ 38. Kb4 Qd6+ 39. Ka5 Rxc6 {[%emt 0:00:24] Weighted Error Value: White=0.49/Black=0.05 (flawless)} 0-1

[Event "Czech Championship 2022"]
[Site "Usti nad Labem"]
[Date "2022.05.22"]
[Round "9.11"]
[White "Vojta, Jakub"]
[Black "Babula, Vlastimil jr"]
[Result "1/2-1/2"]
[ECO "B22"]
[WhiteElo "2396"]
[BlackElo "2217"]
[Annotator "TA"]
[PlyCount "60"]
[EventDate "2022.05.12"]
[EventType "swiss"]
[EventCountry "CZE"]
[SourceTitle "playchess.com"]
[Source "ChessBase"]
[SourceQuality "1"]
[TimeControl "40/5400+30:1800+30"]

1. e4 c5 2. c3 Nf6 3. e5 Nd5 4. Nf3 d6 5. d4 cxd4 6. cxd4 Nc6 7. Bc4 Nb6 8. Bb5 dxe5 9. Nxe5 Bd7 10. Nxd7 Qxd7 11. O-O {[%emt 0:00:05] B22: Sicilian: 2 c3.} Rd8 12. Nc3 e6 13. Be3 Be7 14. Qg4 O-O 15. Rfd1 Kh8 16. Rac1 a6 17. Bxc6 bxc6 {[%emt 0:09:33] [#]} 18. Qe2 $146 ({Predecessor:} 18. Qh5 f5 19. Bf4 Bf6 20. Be5 Bxe5 21. dxe5 Nd5 22. Na4 Qc7 23. Qe2 f4 24. Re1 f3 25. gxf3 Nf4 26. Qe4 Qe7 27. Rc2 Qg5+ {0-1 (27) Avtsynov,A (1875)-Golovchanov,A (2110) Dimitrovgrad 2009}) 18... Qb7 19. Ne4 Nd5 20. Nc5 Qb5 21. Kf1 a5 22. Qxb5 cxb5 23. Ke2 a4 24. Nd3 Rc8 25. Rxc8 Rxc8 26. Rc1 Rxc1 27. Bxc1 Kg8 28. Nf4 {[%emt 0:04:07] The position is equal.} Nb6 29. Kd3 Bg5 30. Ne2 Bxc1 {[%emt 0:02:04] An interesting draw.  Weighted Error Value: White=0.07 (flawless) /Black=0.07 (flawless)} 1/2-1/2